 Dungeon Crawl Stone Soup version 0.31-a0-828-gb7646bb5e3 (webtiles) character file.

Game seed: 13891219334547708260

83164 Bnni the Bewitcher (level 16, 0/107 (112) HPs)
             Began as a Formicid Hexslinger on Sept 24, 2023.
             Was the Champion of Hepliaklqana.
             Slain by a skeletal warrior (8 damage)
             ... on level 14 of the Dungeon.
             The game lasted 01:11:35 (22405 turns).

Bnni the Bewitcher (Formicid Hexslinger)           Turns: 22405, Time: 01:11:36

HP:   0/107 (112)   AC: 12    Str: 14    XL:     16   Next: 23%
MP:   4/29          EV: 12    Int: 14    God:    Hepliaklqana [******]
Gold: 1377          SH:  0    Dex: 22    Spells: 2/34 levels left

rFire   . . .        d - +2 sling (elec)
rCold   . . .        M - orb {guile}
rNeg    . . .        H - +0 troll leather armour
rPois   +            (helmet unavailable)
rElec   .            W - +1 cloak {rCorr}
rCorr   +            c - +0 pair of gloves
SInv    +            V - +0 pair of boots {Fly}
Will    .....        t - amulet of regeneration
Stlth   ++           D - +4 ring of protection
HPRegen 1.97/turn    U - ring of poison resistance
MPRegen 0.21/turn

%: no passive effects
@: weak-willed, jinxed, flying, lightly drained
A: reduced essence, permanent stasis, dig shafts and tunnels, antennae 3, four
strong arms
a: Dig, Shaft Self, Renounce Religion, Recall Ancestor, Ancestor Identity,
Transference, Idealise


You were on level 14 of the Dungeon.
You worshipped Hepliaklqana.
Hepliaklqana was exalted by your worship.
You visited 4 branches of the dungeon, and saw 22 of its levels.

You collected 1887 gold pieces.
You spent 510 gold pieces at shops.

Inventory:

Hand Weapons
 d - a +2 sling of electrocution (weapon)
 o - a +0 arbalest
 q - the +5 hand axe "Ywkax" {venom, rC+}
   (You found it on level 2 of the Dungeon)

   rC+:       It protects you from cold.
Missiles
 C - a throwing net
 S - 4 curare-tipped darts
Armour
 c - a +0 pair of gloves (worn)
 v - a +1 leather armour of positive energy
 H - a +0 troll leather armour (worn)
 M - an orb of guile (worn)
 Q - a +2 leather armour of cold resistance
 R - a +2 leather armour of fire resistance
 V - a +0 pair of boots of flying (worn)
 W - a +1 cloak of preservation (worn)
Jewellery
 n - a ring of fire
 t - an amulet of regeneration (around neck)
 D - a +4 ring of protection (left hand)
 J - a ring of resist corrosion
 K - a +5 ring of evasion
 U - a ring of poison resistance (right hand)
Wands
 a - a wand of mindburst (11)
 h - a wand of roots (27)
 y - a wand of polymorph (7)
 F - a wand of charming (9)
 I - a wand of light (4)
 L - a wand of flame (6)
Scrolls
 b - 5 scrolls of poison
 e - 3 scrolls of fog
 f - a scroll of vulnerability
 g - 4 scrolls of fear
 i - 2 scrolls of enchant weapon
 j - 3 scrolls of amnesia
 m - 4 scrolls of silence
 p - 2 scrolls of immolation
 r - 2 scrolls of enchant armour
 s - 3 scrolls of brand weapon
 O - a scroll of revelation
Potions
 k - 2 potions of attraction
 l - 4 potions of cancellation
 u - 7 potions of heal wounds
 z - a potion of brilliance {unknown}
 A - 2 potions of might
 B - a potion of curing
 E - 2 potions of magic
 G - a potion of mutation
 N - 4 potions of enlightenment {unknown}
 P - 4 potions of haste {unknown}
 T - 3 potions of degeneration {unknown}


   Skills:
 + Level 11.0 Fighting
 * Level 13.8 Ranged Weapons
 - Level 5.0 Armour
 + Level 2.1 Dodging
 + Level 9.9 Spellcasting
 * Level 16.3 Hexes
 - Level 3.0 Summonings
 + Level 5.7 Necromancy
 - Level 5.0 Translocations
 - Level 3.0 Fire Magic
 + Level 6.9 Earth Magic
 + Level 11.0 Invocations


You had 2 spell levels left.
You knew the following spells:

 Your Spells              Type           Power      Damage    Failure   Level
a - Jinxbite              Hex            100%       N/A       1%          2
b - Inner Flame           Hex/Fire       34%        N/A       1%          3
c - Dimensional Bullseye  Hex/Tloc       18%        N/A       1%          4
d - Cause Fear            Hex            25%        N/A       1%          4
g - Summon Guardian Gole  Hex/Summ       34%        N/A       1%          3
h - Borgnjor's Vile Clut  Necr/Erth      12%        N/A       26%         5
s - Sigil of Binding      Hex            51%        N/A       1%          3
t - Tukima's Dance        Hex            51%        N/A       1%          3
v - Summon Mana Viper     Hex/Summ       34%        N/A       7%          5

Your spell library contained the following spells:

 Spells                   Type           Power      Damage    Failure   Level
 Apportation              Tloc           40%        N/A       1%          1
 Summon Small Mammal      Summ           60%        N/A       3%          1
 Call Imp                 Summ           30%        N/A       6%          2
 Magic Dart               Conj           24%        1d4       13%         1
 Confusing Touch          Hex            51%        N/A       1%          3
 Stone Arrow              Conj/Erth      32%        3d9       10%         3
 Call Canine Familiar     Summ           15%        N/A       12%         3
 Animate Armour           Summ/Erth      40%        N/A       17%         4
 Mephitic Cloud           Conj/Pois/Air  6%         N/A       36%         3
 Discord                  Hex            25%        N/A       71%         8
 Alistair's Intoxication  Tmut/Pois      4%         N/A       98%         5
 Eringya's Noxious Bog    Tmut/Pois      3%         4d6       100%        6
 Orb of Destruction       Conj           3%         9d5       100%        7
 Spellforged Servitor     Conj/Summ      5%         N/A       100%        7
 Lehudib's Crystal Spear  Conj/Erth      8%         10d3      100%        8


Dungeon Overview and Level Annotations

Branches:
Dungeon (14/15)            Temple (1/1) D:4            Lair (5/5) D:11
 Shoals (0/4) Lair:3       Spider (0/4) Lair:2        Slime (0/5) Lair:4
    Orc (2/2) D:9             Elf (0/3) Orc:2        Vaults (0/5) D:13

Altars:
Ashenzari
Cheibriados
Dithmenos
Elyvilon
Fedhas
Gozag
Hepliaklqana
Kikubaaqudgha
Makhleb
Nemelex Xobeh
Okawaru
Qazlal
Ru
Sif Muna
Trog
Uskayaw
Vehumet
Wu Jian
Xom
Yredelemnul
Zin
The Shining One

Shops:
D:7 [   Orc:2 *[(*

Portals:
Trove: D:11 (give +8 demon trident)

Annotations:
D:8 2 transporters, Talonman3's ghost, novice DsIE


Innate Abilities, Weirdness & Mutations

Your life essence is reduced to manifest your ancestor. (-10% HP)
You cannot be hasted, slowed, berserked, paralysed or teleported.
You can dig through walls and to a lower floor.
You have a pair of large antennae on your head. (SInv)
Your four strong arms can wield two-handed weapons with a shield.


Message History

You shoot a sling bullet.
The sling bullet barely misses the skeletal warrior.
The skeletal warrior's lost momentum returns!
The skeletal warrior hits your mana viper!
Your mana viper dies!
Your mana viper disappears in a puff of smoke!
Unknown command.
Fire: d) +2 sling (elec)
Press: ? - help, Shift-Dir - straight line, f - skeletal warrior, p - skeletal warrior
Aim: a skeletal warrior (severely damaged, covering ground quickly, chance to call a sprite on attack: 71%, 73% to hit)
You shoot a sling bullet.
The sling bullet hits the skeletal warrior but does no damage.
The skeletal warrior is severely damaged.
The skeletal warrior hits you! The boulder beetle bites you!
Unknown command.
Casting: Jinxbite (safe; 1% risk of failure)
Confirm with . or Enter, or press ? or * to list all spells.
A mana viper appears with a sibilant hiss.
The skeletal warrior hits you!!
The centaur warrior simulacrum hits you but does no damage.
The centaur warrior simulacrum kicks you but does no damage.
The boulder beetle waves its antennae.
The boulder beetle bites you!
Unknown command.
The skeletal warrior attacks as it pursues you!
The skeletal warrior hits you!
Your mana viper bites the skeletal warrior but does no damage.
You extend your mandibles.
You dig through the rock wall.
You feel drained.
The centaur warrior simulacrum attacks as it pursues you!
The centaur warrior simulacrum hits you.
The centaur warrior simulacrum freezes you!!
The centaur warrior simulacrum kicks you.
* * * LOW HITPOINT WARNING * * *
The centaur warrior simulacrum freezes you!!
* * * LOW HITPOINT WARNING * * *
Your mana viper bites the skeletal warrior!
The boulder beetle curls into a ball and begins rolling!
The skeletal warrior hits you!
You die...

... #..#.# .. ...##.#.. .# .. #.
#....#.## #.# ... .. #### #.#
#.......#.#.#.... ####.# #..
#..###....... ..#.... .....# #.#
#...#.^...## ....... ##...###.##
##..........##)...(..
..........###..>#.......)..).)...
..............##@ZB....##.####..
........^........zz.......# {,
....................###.###
......^..†.........S# #.#
##..................###.#
##...........#=.......#.# {
..........#####.....#.#.#
#.........# #........#.#
#.........# #...........


You could see a boulder beetle (rolling), 2 skeletal warriors, a centaur warrior
simulacrum (ally target) and a friendly mana viper (summoned).

Vanquished Creatures
  2 orc warlords (Orc:2)
  An ironbound preserver (D:13)
  Snorg (Orc:1)
  A fire dragon (Lair:5)
  2 hydras
  2 centaur warriors (D:13)
  4 death yaks (Lair:4)
  3 boulder beetles
  6 two-headed ogres
  A tengu warrior (D:14)
  2 orc high priests (Orc:2)
  A skyshark (Lair:5)
  Amaemon (D:8)
  Pikel (D:7)
  2 deep elf pyromancers (D:13)
  An orc knight (Orc:2)
  3 ugly things
  A wolf spider (Lair:2)
  3 cyclopes
  An oklob plant (Lair:3)
  2 orc sorcerers (Orc:2)
  4 black mambas
  4 manticores
  13 elephants
  Maurice (D:8)
  Joseph (D:8)
  12 cane toads
  2 molten gargoyles (Lair:5)
  2 gargoyles
  An unseen horror (D:13)
  2 rime drakes
  13 komodo dragons
  A tengu conjurer (D:13)
  A kobold demonologist (D:10)
  3 trolls
  A queen bee (shapeshifter) (D:13)
  4 polar bears
  A hornet (D:9)
  4 blink frogs (Lair:4)
  4 dream sheep (Lair:5)
  6 slime creatures
  42 yaks
  2 dancing weapons
  2 water elementals (D:13)
  7 wyverns
  3 shadows
  3 basilisks
  7 steam dragons
  2 wargs (Orc:2)
  A hell hound (Lair:5)
  Duvessa (D:4)
  An acid dragon (D:13)
  11 water moccasins
  11 orc warriors
  An ice beast (D:6)
  2 black bears
  5 ogres (Orc:2)
  8 wolves
  4 centaurs
  A phantom (D:4)
  2 lemures (D:7)
  11 bullfrogs
  A gnoll sergeant (D:10)
  A scorpion (D:5)
  5 wights
  Dowan (D:4)
  6 killer bees (D:9)
  3 howler monkeys
  5 electric eels
  5 lava snakes (Lair:5)
  A hound (D:4)
  10 jellies
  11 orc priests
  Crazy Yiuf (D:4)
  An iguana (D:6)
  19 orc wizards
  12 gnolls
  7 adders
  4 white imps
  3 worms
  6 dart slugs
  63 orcs
  A bat (D:1)
  20 endoplasms
  A giant cockroach (D:1)
  8 goblins
  10 hobgoblins
  3 jackals (D:2)
  7 kobolds
  4 quokkas
  10 ball pythons
  A frilled lizard (D:2)
  3 rats
481 creatures vanquished.

Vanquished Creatures (collateral kills)
  A hydra (D:14)
  A centaur warrior (D:14)
  A catoblepas (Lair:5)
  4 two-headed ogres
  A death yak (Lair:4)
  A lindwurm (Lair:5)
  3 ugly things (D:14)
  An orc knight (Orc:2)
  A manticore (D:14)
  A cyclops (D:12)
  6 elephants
  3 black mambas (Lair:5)
  An orange demon (D:8)
  A rime drake (Lair:5)
  A cane toad (Lair:1)
  4 komodo dragons
  3 trolls
  3 polar bears
  3 dream sheep (Lair:5)
  A blink frog (Lair:4)
  A slime creature (D:13)
  A shadow (D:9)
  2 wyverns (Lair:5)
  A vampire (D:11)
  2 water elementals (D:13)
  3 basilisks
  11 yaks
  2 wargs (Orc:2)
  A steam dragon (Lair:5)
  7 water moccasins
  2 hell hounds (Lair:5)
  15 orc warriors
  An ice beast (D:6)
  2 sky beasts
  4 wolves
  2 centaurs
  2 kobold brigands
  3 bullfrogs
  A gnoll sergeant (D:10)
  2 scorpions
  A wight (D:9)
  4 electric eels
  A howler monkey (D:9)
  3 jellies
  A gnoll bouda (D:8)
  7 orc priests
  An iguana (D:7)
  9 orc wizards
  3 gnolls
  An adder (D:5)
  A shadow imp (D:7)
  An ufetubus (D:6)
  31 orcs
  A goblin (D:6)
  A kobold (D:6)
172 creatures vanquished.

Vanquished Creatures (others)
  A cyclops (D:13)
  A warg (Orc:2)
  14 dancing weapons
  2 orc warriors
  A killer bee (D:9)
  An electric eel (D:9)
  An orc priest (D:9)
  An orc wizard (D:9)
  10 knights
  5 ancestors
37 creatures vanquished.

Grand Total: 690 creatures vanquished

Notes
Turn   | Place    | Note
-------+----------+-------------------------------------------
     0 | D:1      | Bnni the Formicid Hexslinger began the quest for the Orb.
     0 | D:1      | Reached XP level 1. HP: 15/15 MP: 2/2
   140 | D:1      | Reached XP level 2. HP: 21/21 MP: 3/3
   380 | D:1      | Reached XP level 3. HP: 26/26 MP: 5/5
   650 | D:2      | Reached skill level 4 in Hexes
   740 | D:2      | Learned a level 2 spell: Jinxbite
   941 | D:2      | Found a shimmering altar of Xom.
   944 | D:2      | Identified the +5 hand axe "Ywkax" {venom, rC+}
  1042 | D:2      | Learned a level 3 spell: Inner Flame
  1133 | D:2      | Reached XP level 4. HP: 12/32 MP: 3/6
  1976 | D:3      | Reached XP level 5. HP: 24/38 MP: 5/7
  2469 | D:4      | Found a staircase to the Ecumenical Temple.
  2485 | Temple   | Entered the Ecumenical Temple
  2498 | Temple   | Became a worshipper of Hepliaklqana the Forgotten
  2535 | D:4      | Found a burning altar of Makhleb.
  2646 | D:4      | Noticed Duvessa
  2658 | D:4      | Noticed Dowan
  2661 | D:4      | Killed Duvessa
  2662 | D:4      | Reached skill level 5 in Hexes
  2662 | D:4      | Reached XP level 6. HP: 41/45 MP: 7/9
  2686 | D:4      | Killed Dowan
  2713 | D:4      | Learned a level 4 spell: Cause Fear
  2750 | D:4      | Reached XP level 7. HP: 36/51 MP: 7/11
  3383 | D:4      | Found a runed translucent door.
  3384 | D:4      | Noticed Crazy Yiuf
  3524 | D:4      | Killed Crazy Yiuf
  3573 | D:4      | Identified the +0 hammer of the Hammering Seer {freeze,
                  | Fragile rPois Will++ MP+9}
  3611 | D:5      | Entered Level 5 of the Dungeon
  3983 | D:5      | Reached skill level 6 in Hexes
  4116 | D:5      | Reached * piety under Hepliaklqana
  4179 | D:5      | Found a blossoming altar of Fedhas.
  4254 | D:5      | Reached skill level 1 in Invocations
  4254 | D:5      | Reached XP level 8. HP: 45/52 MP: 12/12
  4265 | D:5      | Reached skill level 1 in Armour
  4294 | D:5      | Learned a level 3 spell: Sigil of Binding
  4735 | D:6      | Noticed a gargoyle
  4788 | D:6      | Reached skill level 5 in Ranged Weapons
  4905 | D:6      | Reached skill level 1 in Translocations
  5037 | D:6      | Found a shimmering altar of Xom.
  5128 | D:6      | Found a shimmering blue altar of Sif Muna.
  5131 | D:6      | Found a glowing silver altar of Zin.
  5544 | D:6      | Reached skill level 7 in Hexes
  5681 | D:6      | Found an iron altar of Okawaru.
  5772 | D:6      | Killed a gargoyle
  5773 | D:6      | Reached XP level 9. HP: 58/58 MP: 10/14
  6126 | D:7      | Reached ** piety under Hepliaklqana
  6127 | D:7      | Got a lithographed book
  6128 | D:7      | Remembered your ancestor Tankster McGee as a knight
  6133 | D:7      | Learned a level 3 spell: Tukima's Dance
  6187 | D:7      | Found Qoddoxem's Armour Emporium.
  6207 | D:7      | Noticed Pikel
  6211 | D:7      | Killed Pikel
  6212 | D:7      | Reached skill level 8 in Hexes
  6281 | D:7      | Identified the +5 glaive "Kitaecs" {flame, MP+9 Str+3
                  | Stlth+}
  6284 | D:7      | Noticed a two-headed ogre
  6304 | D:7      | HP: 2/60 [two-headed ogre/+0 great mace (19)]
  6783 | D:7      | Killed a two-headed ogre
  6784 | D:7      | Reached skill level 5 in Fighting
  6784 | D:7      | Reached XP level 10. HP: 65/66 MP: 11/17
  7150 | D:7      | Reached skill level 9 in Hexes
  7344 | D:7      | Learned a level 3 spell: Summon Guardian Golem
  7660 | D:8      | Noticed Joseph
  7669 | D:8      | Killed Joseph
  7670 | D:8      | Reached skill level 5 in Spellcasting
  7792 | D:8      | Found a sacrificial altar of Ru.
  7803 | D:8      | Noticed Maurice
  7812 | D:8      | Killed Maurice
  7985 | D:8      | Found a transporter.
  7985 | D:8      | Identified the +10 great mace of Bespelled Guilt {spect,
                  | rElec rCorr Stlth+}
  7985 | D:8      | Identified the +4 giant spiked club "Gecyhull" {pain,
                  | *Noise Will++ Dex+3}
  7985 | D:8      | Noticed a two-headed ogre
  7985 | D:8      | Noticed Talonman3's ghost (novice DsIE)
  7990 | D:8      | Found a transporter.
  8061 | D:8      | Noticed Amaemon
  8061 | D:8      | Noticed an orange demon
  8119 | D:8      | Killed Amaemon
  8120 | D:8      | Reached skill level 5 in Invocations
  8126 | D:8      | Killed an orange demon
  8127 | D:8      | Reached XP level 11. HP: 72/72 MP: 3/19
  8271 | D:8      | Reached *** piety under Hepliaklqana
  8431 | D:8      | Found a stormy altar of Qazlal.
  8661 | D:9      | Reached skill level 10 in Hexes
  8685 | D:9      | Reached skill level 5 in Armour
  9679 | D:9      | Found a staircase to the Orcish Mines.
  9867 | D:10     | Entered Level 10 of the Dungeon
 10132 | D:10     | Reached skill level 11 in Hexes
 10180 | D:10     | Learned a level 4 spell: Dimensional Bullseye
 10328 | D:10     | Identified the +4 ring mail "Qoetz" {rElec rF- Int+6
                  | Stlth+}
 10465 | D:10     | Reached **** piety under Hepliaklqana
 10479 | D:10     | Reached XP level 12. HP: 81/81 MP: 19/21
 10913 | D:11     | Found a staircase to the Lair.
 10917 | D:11     | Reached skill level 5 in Translocations
 11010 | D:11     | Noticed a boulder beetle
 11020 | D:11     | Killed a boulder beetle
 11063 | D:11     | Found a portal to a secret trove of treasure.
 11064 | D:11     | Noticed a two-headed ogre
 11070 | D:11     | Killed a two-headed ogre
 11094 | D:11     | Noticed a two-headed ogre
 11102 | D:11     | Killed a two-headed ogre
 11250 | D:11     | Noticed a two-headed ogre
 11257 | D:11     | Killed a two-headed ogre
 11258 | D:11     | Reached skill level 10 in Ranged Weapons
 11258 | D:11     | Reached skill level 12 in Hexes
 11830 | D:12     | Found a shadowy altar of Dithmenos.
 11881 | D:12     | Reached ***** piety under Hepliaklqana
 12403 | D:13     | Reached XP level 13. HP: 88/88 MP: 14/24
 12595 | D:13     | Reached skill level 1 in Summonings
 12636 | D:13     | Reached skill level 13 in Hexes
 13050 | D:13     | Learned a level 5 spell: Summon Mana Viper
 13193 | D:13     | Noticed a centaur warrior
 13200 | D:13     | Killed a centaur warrior
 13289 | D:13     | Reached skill level 1 in Earth Magic
 13415 | D:13     | Noticed a centaur warrior
 13442 | D:13     | Reached skill level 1 in Necromancy
 13450 | D:13     | Noticed an ironbound preserver
 13456 | D:13     | Killed a centaur warrior
 13460 | D:13     | Killed an ironbound preserver
 13640 | D:13     | Found a gate to the Vaults.
 14230 | Lair:1   | Entered Level 1 of the Lair of Beasts
 14499 | Lair:1   | Reached XP level 14. HP: 48/97 MP: 17/26
 14808 | Lair:1   | Reached skill level 14 in Hexes
 15680 | Lair:2   | Found a hole to the Spider Nest.
 16211 | Lair:2   | Reached ****** piety under Hepliaklqana
 16565 | Lair:3   | Found a staircase to the Shoals.
 17889 | Lair:4   | Reached skill level 10 in Fighting
 17912 | Lair:4   | Reached skill level 15 in Hexes
 18058 | Lair:4   | Reached XP level 15. HP: 103/103 MP: 28/28
 18084 | Lair:4   | Learned a level 5 spell: Borgnjor's Vile Clutch
 18165 | Lair:4   | Found a staircase to the Slime Pits.
 18181 | Lair:4   | Reached skill level 5 in Earth Magic
 18212 | Lair:4   | Reached skill level 10 in Invocations
 18718 | Lair:5   | Entered Level 5 of the Lair of Beasts
 19242 | Lair:5   | Found a large runed translucent door.
 19242 | Lair:5   | Found a large runed translucent door.
 19565 | Lair:5   | Reached skill level 5 in Necromancy
 20291 | Orc:1    | Entered Level 1 of the Orcish Mines
 20369 | Orc:1    | Noticed Snorg
 20376 | Orc:1    | Killed Snorg
 20602 | Orc:2    | Entered Level 2 of the Orcish Mines
 20825 | Orc:2    | Noticed an orc warlord
 20859 | Orc:2    | Killed an orc warlord
 21038 | Orc:2    | Reached skill level 16 in Hexes
 21145 | Orc:2    | Noticed an orc warlord
 21157 | Orc:2    | Killed an orc warlord
 21164 | Orc:2    | Reached XP level 16. HP: 111/111 MP: 10/29
 21284 | Orc:2    | Found Ynken's Antique Weapon Shoppe.
 21286 | Orc:2    | Found Gesasycw's Antique Armour Emporium.
 21564 | Orc:2    | Found Wulidot's General Store.
 21706 | Orc:2    | Found a staircase to the Elven Halls.
 21957 | Orc:2    | Found Pedus's General Store.
 22002 | Orc:2    | Bought a pair of embroidered boots for 255 gold pieces
 22002 | Orc:2    | Bought a runed cloak for 255 gold pieces
 22405 | D:14     | Slain by a skeletal warrior

Illustrated notes

Levels and vault maps discovered:
D:1:      dpeg_arrival_arbitrary_a, layout_basic
D:2:      layout_basic, basic_altar, serial_bayou_pond_d, due_unseen_surprise
D:3:      layout_loops_cross, eino_curves_01
D:4:      layout_basic, lemuel_doored_altar, minmay_temple_entry_wispy,
          uniq_crazy_yiuf_cottage, uniq_duvessa
D:5:      layout_basic, kennysheep_little_box
D:6:      layout_rooms, okawaru_altar_gauntlet_db,
          nicolae_overflow_hidden_temple
D:7:      lemuel_slime, layout_basic, serial_shops,
          nicolae_shop_just_a_little_nook, uniq_pikel
D:8:      layout_loops_cross, gammafunk_ghost_smash, hangedman_feature_mirror,
          minmay_crystal_water, hangedman_decor_clover_reticule, uniq_amaemon,
          uniq_maurice, uniq_joseph
D:9:      layout_loops_ring, erik_orc_2, chequers_big_river,
          minmay_joined_circles
D:10:     layout_loops_cross
D:11:     layout_gridville, david_lair_generic, nicolae_trove_entry_crossroad,
          minmay_holes
D:12:     layout_cave_pods, grunt_dithmenos_smoke_and_mirrors
D:13:     layout_basic, skrybe_vaults_entry_preservation
D:14:     minmay_two_paths, layout_rooms, nicolae_qazlal_general_emergency
Temple:   eino_temple_scatter_basement
Lair:1:   layout_regular_city, beast_lair_carwin_8, grunt_megastairs_3
Lair:2:   layout_layer_cave, spider_nest_entry_rubble, grunt_megastairs_5
Lair:3:   layout_layer_cave, elwin_shoals_entry_rocks, infiniplex_staircase_pool
Lair:4:   layout_regular_city, minmay_slime_entry_pillars
Lair:5:   cheibrodos_lair_end_hotspot, layout_loops_ring,
          gammafunk_lair_bear_cave
Orc:1:    layout_caves, serial_shops, shop, uniq_snorg
Orc:2:    grunt_orc_community_town_hall, layout_caves,
          grunt_orc_community_big_house_1, grunt_orc_community_big_house_2,
          grunt_orc_community_house_3, grunt_orc_community_house_3,
          grunt_orc_community_house_1, grunt_orc_community_house_1,
          grunt_orc_community_house_1, basic_altar

Skill      XL: |  1  2  3  4  5  6  7  8  9 10 11 12 13 14 15 16 |
---------------+-------------------------------------------------+-----
Hexes          | 4 5 6 7 8 9 11 12 13 15 16 | 16.3
Fire Magic     | 2 3 |  3.0
Ranged Weapons | 3 4 5 7 9 10 11 12 13 | 13.8
Spellcasting   | 2 3 4 5 6 7 8 9 |  9.9
Fighting       | 2 3 4 5 7 8 9 10 11 | 11.0
Invocations    | 1 2 4 5 6 7 8 9 10 11 | 11.0
Armour         | 2 3 4 5 |  5.0
Translocations | 1 3 4 5 |  5.0
Summonings     | 3 |  3.0
Earth Magic    | 2 4 6 |  6.9
Necromancy     | 2 4 5 |  5.7
Dodging        | 2 |  2.1

Action                     |  1- 3 |  4- 6 |  7- 9 | 10-12 | 13-15 | 16-18 || total
---------------------------+-------+-------+-------+-------+-------+-------++-------
  Melee: Spear             |       |    15 |     3 |       |       |       ||    18
         Hand axe          |       |       |     3 |       |       |       ||     3
   Fire: Sling             |   108 |   113 |   270 |   413 |  1033 |   139 ||  2076
  Throw: Dart              |       |       |       |     3 |     1 |       ||     4
   Cast: Jinxbite          |     1 |     6 |    13 |    24 |    19 |     1 ||    64
         Inner Flame       |       |       |    11 |    27 |    41 |     2 ||    81
         Cause Fear        |       |       |     3 |       |     6 |     1 ||    10
         Sigil of Binding  |       |       |     6 |     1 |     9 |     3 ||    19
         Tukima's Dance    |       |       |     2 |    21 |    33 |    11 ||    67
         Summon Guardian G |       |       |       |     3 |     7 |       ||    10
         Summon Mana Viper |       |       |       |       |    11 |     3 ||    14
         Dimensional Bulls |       |       |       |       |     4 |       ||     4
 Invoke: Ancestor Identity |       |       |     1 |       |       |       ||     1
         Recall Ancestor   |       |       |     1 |     6 |     1 |       ||     8
         Ancestor Life: Kn |       |       |     1 |       |       |       ||     1
Ability: Dig               |     1 |       |     2 |       |     2 |     2 ||     7
  Evoke: Wand              |       |       |     3 |     1 |       |       ||     4
    Use: Scroll            |       |     2 |       |    15 |     5 |       ||    22
         Potion            |       |       |       |       |     1 |       ||     1
 Armour: Robe              |    32 |    29 |    33 |       |       |       ||    94
         Leather armour    |       |       |    46 |    34 |       |       ||    80
         Troll leather arm |       |       |       |    31 |   178 |    42 ||   251
  Dodge: Dodged            |    29 |    44 |    64 |    36 |   105 |    11 ||   289

Table legend: (Time is in decaauts)
 A = Elapsed time spent in this place.
 B = Non-inter-level travel time spent in this place.
 C = Inter-level travel time spent in this place.
 D = Time resting spent in this place.
 E = Time spent auto-exploring this place.
 F = Levels seen in this place.
 G = Mean time per level.
                   A        B        C        D        E       F      G
               +--------+--------+--------+--------+--------+-----+--------+
         Total |  22327 |  21115 |   1212 |   2257 |  14508 |  22 | 1014.9 |
       Dungeon |  14747 |  13917 |    830 |   2115 |   8836 |  14 | 1053.4 |
        Temple |     26 |      2 |     24 |      0 |      0 |   1 |   26.0 |
          Lair |   5830 |   5579 |    251 |    121 |   4481 |   5 | 1166.0 |
  Orcish Mines |   1723 |   1617 |    106 |     21 |   1191 |   2 |  861.5 |
               +--------+--------+--------+--------+--------+-----+--------+

Top non-repeatable levels by time:
    D:13: 1831 daAuts
     D:9: 1569 daAuts
   Orc:2: 1417 daAuts
     D:5: 1406 daAuts
  Lair:5: 1350 daAuts
     D:4: 1281 daAuts
  Lair:2: 1247 daAuts
     D:7: 1194 daAuts
     D:6: 1191 daAuts
  Lair:3: 1187 daAuts
     D:8: 1133 daAuts
  Lair:1: 1054 daAuts
    D:12: 994 daAuts
  Lair:4: 990 daAuts
     D:2: 975 daAuts
